 Dungeon Crawl Stone Soup version 0.29.0-4-gdea44cf6ec (webtiles) character file.

Game seed: 4713891464799057021

33 qw the Chopper (level 3, -5/21 HPs)
             Began as a Tengu Warper on Aug 28, 2022.
             Slain by Terence
             ... wielding a +0 mace
              (6 damage)
             ... on level 2 of the Dungeon.
             The game lasted 00:00:05 (1147 turns).

qw the Chopper (Tengu Warper)                       Turns: 1147, Time: 00:00:06

Health: -5/21      AC:  3    Str: 13    XL:     3   Next: 29%
Magic:  7/7        EV: 12    Int: 13    God:
Gold:   86         SH:  0    Dex: 13    Spells: 6/6 levels left

rFire   . . .      SeeInvis .   Y - +1 hand axe
rCold   . . .      Faith    .   (no shield)
rNeg    . . .      Spirit   .   b - +0 leather armour
rPois   .          Reflect  .   (helmet restricted)
rElec   .          Harm     .   (no cloak)
rCorr   .          Rampage  .   (no gloves)
Will    .....                   (boots unavailable)
Stlth   +.........              (no amulet)
HPRegen 0.07/turn               (no ring)
MPRegen 0.10/turn               (no ring)

@: no status effects
A: beak, talons 3
a: no special abilities


You were on level 2 of the Dungeon.
You visited 1 branch of the dungeon, and saw 2 of its levels.

You collected 86 gold pieces.


Innate Abilities, Weirdness & Mutations

You have a beak for a mouth.
You have claws for feet.


   Skills:
 - Level 2.0 Fighting
 + Level 4.0 Axes
 - Level 1.0 Throwing
 - Level 1.1 Armour
 - Level 2.1 Dodging
 - Level 2.0 Spellcasting
 - Level 2.4 Translocations


You had 6 spell levels left.
You didn't know any spells.
Your spell library contained the following spells:

 Spells                   Type           Power      Damage    Failure   Level
 Blink                    Tloc           14%        N/A       19%         2
 Gell's Gravitas          Tloc           7%         N/A       36%         3
 Lesser Beckoning         Tloc           7%         N/A       36%         3
 Teleport Other           Tloc           7%         N/A       36%         3
 Manifold Assault         Tloc           7%         N/A       98%         5

Inventory:

Hand Weapons
 h - a +0 mace
 Y - a +1 hand axe (weapon)
Armour
 b - a +0 leather armour (worn)
Jewellery
 c - an amulet of guardian spirit
Potions
 a - a potion of flight {unknown}
 d - a potion of degeneration {unknown}
 f - a potion of haste {unknown}

Dungeon Overview and Level Annotations

Branches:
Dungeon (2/15)

Altars:

Annotations:
D:2 Terence


Message History

A bat comes into view.
Found a stone.
The bat hits you but does no damage.
You hit the bat. Your kick misses the bat.
The bat is moderately wounded.
The bat hits you but does no damage. The bat hits you.
You hit the bat.
The bat is moderately wounded.
The bat closely misses you.
You hit the bat.
You kill the bat!
You start resting.
HP restored.
A bat comes into view.
The bat hits you but does no damage.
You hit the bat but do no damage. Your kick misses the bat.
The bat closely misses you.
You closely miss the bat. You peck the bat.
You kill the bat!
You see here a bat corpse.
a - a green potion
Found a halberd.
c - an amulet of guardian spirit
Enter note: You now have 86 gold pieces (gained 17).
Found an escape hatch in the floor.
Terence the Incautious comes into view.
He is wielding a +0 mace.
Terence shouts!
You barely miss Terence. You peck Terence, but do no damage.
Terence hits you with a +0 mace!
You hit Terence but do no damage. Your kick misses Terence.
Terence hits you with a +0 mace.
You closely miss Terence. You claw Terence.
Terence is lightly wounded.
Terence hits you with a +0 mace!
You hit Terence but do no damage.
Terence is lightly wounded.
Terence hits you with a +0 mace.
You die...

.#
#.###..........#(#....
..
##................#..##
#................##....
##................#..###
.........####.###...####
##.......# #.#.........
#..>....# #.....######
#......## #....#......
#.....@# ##..##.#####
#......@.......# .#
#####+########.# .# ..#
.. ..# ## ##.# #.#


You could see Terence.

Vanquished Creatures
  4 endoplasms
  3 goblins
  A hobgoblin (D:1)
  5 jackals (D:1)
  A quokka (D:1)
  4 ball pythons (D:1)
  6 bats
  A frilled lizard (D:2)
  4 kobolds (D:1)
  4 rats (D:1)
33 creatures vanquished.

Notes
Turn   | Place    | Note
-------+----------+-------------------------------------------
     0 | D:1      | qw the Tengu Warper began the quest for the Orb.
     0 | D:1      | Reached XP level 1. HP: 12/12 MP: 4/4
     0 | D:1      | 0 ||| qw: Version: 0.1-a-89-g26bdef1
     0 | D:1      | 0 ||| qw: Game counter: 1550
     0 | D:1      | 0 ||| qw: Always use a shield: true
     0 | D:1      | 0 ||| qw: God list: Okawaru
     0 | D:1      | 0 ||| qw: Allow faded altars: false
     0 | D:1      | 0 ||| qw: Do Orc after D:15 true
     0 | D:1      | 0 ||| qw: Do second Lair branch before Depths: true
     0 | D:1      | 0 ||| qw: Lair rune preference: random
     0 | D:1      | 0 ||| qw: Plans: Normal
     0 | D:1      | 0 ||| PLANNING D:1-11
    81 | D:1      | Reached XP level 2. HP: 11/17 MP: 6/6
   219 | D:1      | Reached skill level 3 in Axes
   392 | D:1      | 392 ||| Stepping ~*~*~tactically~*~*~ (stealth).
   463 | D:1      | 463 ||| DROPPING +0 club.
   746 | D:1      | Reached XP level 3. HP: 21/21 MP: 7/7
   928 | D:1      | 928 ||| DROPPING amulet of magic regeneration.
   929 | D:1      | 929 ||| READING scroll labelled TUELU AJOXIUTU.
   930 | D:1      | 930 ||| READING scroll labelled BEHOWE TACIPT.
   931 | D:1      | 931 ||| DRINKING 2 amethyst potions.
  1035 | D:1      | 1035 ||| DROPPING scroll of blinking.
  1036 | D:1      | 1036 ||| DROPPING potion of berserk rage.
  1071 | D:2      | Reached skill level 4 in Axes
  1142 | D:2      | Noticed Terence
  1146 | D:2      | HP: 1/21 [Terence/+0 mace (9)]
  1147 | D:2      | Slain by Terence

Levels and vault maps discovered:
D:1:      roderic_crossed_star, layout_basic
D:2:      layout_basic, nicolae_ecumenical_lake_church, uniq_terence,
          uniq_jessica, uniq_robin

Skill      XL: |  1  2  3 |
---------------+----------+-----
Axes           | 3 4 |  4.0
Fighting       | |  2.0
Throwing       | |  1.0
Armour         | |  1.1
Dodging        | |  2.1
Spellcasting   | |  2.0
Translocations | |  2.4

Action                   || total
-------------------------++-------
Melee: Hand axe          ||    64
       Kick              ||    12
       Peck              ||     9
Throw: Boomerang         ||     7
  Use: Scroll            ||     2
       Potion            ||     1
Armor: Leather armour    ||    20
Dodge: Dodged            ||    43

Table legend:
 A = Non-vault XP
 B = Vault XP
 C = Vault XP percentage of total XP
 D = Non-vault monster count
 E = Vault monster count
 F = Vault count percentage of total count
                 A         B        C        D         E       F
            +---------+---------+-------+---------+---------+-------
      Total |      48 |       0 |   0.0 |      33 |       0 |   0.0
            +---------+---------+-------+---------+---------+-------
        D:1 |      41 |       0 |   0.0 |      27 |       0 |   0.0
        D:2 |       7 |       0 |   0.0 |       6 |       0 |   0.0
            +---------+---------+-------+---------+---------+-------
